Map: Curious Minds LE

Players

Pumba - Winner!

  • Race: Protoss Protoss
  • League: Platinum
  • Spawn Location: 11:00

Hobbes

  • Race: Zerg Zerg
  • League: Platinum
  • Spawn Location: 5:00

VOD

Have the link to the VOD?

Description

Time

  • Played on: Feb. 8, 2022, 6:32 p.m.
  • Length: 10:14
Show
View Real Time Build Order
Export as new Build Order

Pumba Protoss - Winner!

Build Orders: 1 Gate Expand, Oracle Opening, Zealot Archon 

Get SALT Encoding   

  12  0:01  Probe  
  13  0:13  Probe  
  14  0:23  Pylon  
  14  0:26  Probe  
  15  0:41  Probe (Chrono Boost), Gateway  
  16  0:52  Assimilator  
  16  0:53  Probe (Chrono Boost)  
  17  0:58  Probe (Chrono Boost)  
  18  1:07  Probe  
  19  1:19  Probe  
  20  1:32  Nexus  
  20  1:35  Cybernetics Core  
  20  1:43  Probe  
  20  1:46  Assimilator  
  21  1:55  Probe  
  21  1:57  Pylon  
  22  2:07  Probe  
  23  2:14  Adept (Chrono Boost)  
  25  2:19  Probe  
  26  2:24  Stargate  
  26  2:31  Probe  
  26  2:32  Warp Gate  
  27  2:37  Shield Battery  
  27  2:56  Gateway  
  27  3:02  Probe, Pylon  
  28  3:07  Oracle (Chrono Boost)  
  31  3:14  Probe (Chrono Boost)  
  31  3:19  Probe (Chrono Boost)  
  33  3:26  Adept, Probe (Chrono Boost)  
  35  3:28  Probe (Chrono Boost)  
  37  3:36  Probe  
  37  3:39  Probe  
  42  3:41  Oracle (Chrono Boost)  
  42  3:48  Probe  
  43  4:15  Probe (Chrono Boost)  
  42  4:18  Probe (Chrono Boost)  
  42  4:25  Twilight Council  
  42  4:26  Robotics Facility  
  42  4:27  Forge, Probe (Chrono Boost)  
  44  4:31  Probe (Chrono Boost)  
  44  4:32  Probe (Chrono Boost)  
  44  4:33  Pylon  
  44  4:36  Pylon  
  44  4:37  Adept  
  44  4:38  Adept  
  49  4:45  Nexus  
  49  4:47  Pylon  
  49  4:53  Probe x2  
  51  5:12  Probe  
  51  5:13  Probe  
  53  5:14  Assimilator  
  53  5:15  Assimilator  
  53  5:20  Protoss Ground Weapons Level 1  
  53  5:21  Charge  
  53  5:22  Observer (Chrono Boost)  
  53  5:26  Probe x2  
  56  5:38  Probe x2  
  58  5:44  Immortal  
  62  5:51  Gateway  
  62  5:52  Gateway  
  62  5:53  Gateway  
  62  5:55  Gateway  
  62  5:57  Gateway  
  62  5:59  Gateway  
  62  6:02  Gateway  
  62  6:04  Gateway  
  62  6:33  Probe x3  
  62  6:37  Immortal (Chrono Boost)  
  62  6:38  Sentry  
  67  6:45  Templar Archives, Probe x2 (Chrono Boost)  
  74  6:48  Probe (Chrono Boost), Pylon x2  
  74  6:50  Pylon  
  74  6:57  Zealot x3, Probe x2 (Chrono Boost)  
  74  7:00  Probe (Chrono Boost)  
  83  7:01  Probe x2 (Chrono Boost)  
  85  7:09  Warp Prism  
  87  7:27  High Templar x2  
  87  7:28  High Templar x2  
  87  7:29  Zealot x3  
  101  7:30  Zealot x3  
  101  7:32  Archon x2  
  101  7:35  Photon Cannon, Protoss Ground Weapons Level 2 (Chrono Boost)  
  107  7:39  Probe  
  107  7:42  Pylon  
  107  7:44  Pylon  
  108  7:46  Pylon  
  108  7:47  Pylon  
  108  7:48  Pylon  
  108  7:57  Zealot  
  108  7:58  Zealot x3  
  116  8:07  High Templar x2  
  116  8:08  Zealot x4  
  116  8:11  Archon  
  128  8:40  Sentry x2  
  132  8:42  Immortal  
  132  8:43  Zealot x6  
  132  8:47  Shield Battery, Pylon  
  132  8:48  Pylon  
  148  8:49  Photon Cannon x2  
  141  9:14  Zealot x3, Photon Cannon  
  141  9:15  Zealot  
  141  9:16  Photon Cannon  
  147  9:29  Pylon  
Show
View Real Time Build Order
Export as new Build Order

Hobbes Zerg 

Build Orders: Hatch First 

Get SALT Encoding   

  12  0:01  Drone  
  13  0:11  Drone  
  14  0:18  Extractor x2  
  14  0:19  Drone  
  13  0:22  Drone  
  16  0:43  Hatchery  
  15  0:59  Spawning Pool  
  14  1:07  Extractor x2  
  14  1:08  Drone x2  
  16  1:13  Overlord  
  16  1:46  Zergling x2  
  16  1:47  Zergling x4  
  19  1:52  Queen  
  21  1:56  Zergling x2, Queen  
  24  2:04  Drone  
  24  2:06  Drone  
  26  2:10  Drone  
  27  2:17  Overlord  
  27  2:22  Drone  
  28  2:32  Extractor  
  28  2:33  Drone  
  25  2:56  Hatchery  
  23  3:00  Drone x2  
  23  3:02  Queen  
  23  3:03  Drone x3  
  30  3:08  Drone x4  
  34  3:13  Extractor  
  34  3:27  Drone x2  
  34  3:28  Spine Crawler  
  34  3:40  Roach Warren  
  34  3:41  Lair  
  33  3:43  Drone x2  
  33  3:45  Overlord  
  35  3:59  Spore Crawler  
  30  4:13  Drone x3  
  33  4:21  Drone x4  
  33  4:22  Spore Crawler, Drone x2  
  38  4:25  Drone  
  38  4:29  Drone  
  40  4:35  Drone x3  
  40  4:37  Drone  
  44  4:47  Drone x2  
  44  4:50  Spore Crawler  
  45  4:54  Drone  
  45  4:56  Hydralisk Den  
  45  4:57  Drone  
  45  4:59  Drone  
  47  5:01  Overlord  
  42  5:10  Drone x4  
  46  5:16  Drone x2  
  48  5:21  Drone  
  48  5:24  Drone x4  
  48  5:28  Muscular Augments  
  53  5:36  Glial Reconstitution  
  53  5:40  Drone x4  
  57  5:49  Extractor  
  56  5:50  Extractor  
  56  5:51  Drone x2  
  56  5:53  Drone  
  56  5:56  Overlord x5  
  58  6:03  Extractor  
  57  6:06  Spine Crawler  
  56  6:11  Overlord x2  
  56  6:12  Evolution Chamber  
  55  6:26  Overseer  
  55  6:31  Drone  
  55  6:32  Drone  
  57  6:34  Drone x2  
  57  6:37  Hydralisk x4, Roach x3  
  57  6:38  Hydralisk x4  
  81  6:52  Hydralisk x4  
  89  7:07  Hydralisk x4  
  97  7:08  Spore Crawler  
  96  7:17  Drone x3  
  96  7:21  Hydralisk  
  96  7:22  Hydralisk x2  
  105  7:37  Spore Crawler  
  105  7:39  Hydralisk x3  
  105  7:41  Zergling x8, Spore Crawler  
  105  7:43  Overlord  
  105  7:44  Overlord  
  113  8:18  Infestation Pit  
  113  8:19  Hydralisk x3, Drone x2, Spire  
  105  8:36  Evolution Chamber  
  105  8:38  Evolution Chamber  
  105  8:39  Spine Crawler  
  105  8:40  Hydralisk x4, Evolution Chamber  
  102  8:42  Hydralisk  
  67  9:31  Hatchery  
  58  9:33  Drone x3  
Tags
 
Add a new tag
Caveats
  • Supply blocks, unpowered buildings, or Contaminate may cause inaccurate times.
  • Supply counts are checked every 10 seconds.